[Event "fics rated crazyhouse match"]
[Site "fics, Oklahoma City, OK USA"]
[Date "2000.12.02"]
[White "pminear"]
[WhiteElo "2563"]
[Black "LINDEGREN"]
[BlackElo "2365"]
[TimeControl "60+0"]
[Result "0-1"]

1. e4 Nf6 2. Nc3 Nc6 3. d4 d5 4. exd5 Nxd5 5. Nxd5 Qxd5 6. Nf3 
e6 7. Be2 Bb4+ 8. c3 Be7 9. O-O P@g4 10. Ne1 h5 11. N@e3 Qd8 
12. f3 gxf3 13. Nxf3 N@g4 14. Nxg4 hxg4 15. Ne5 Nxe5 16. dxe5 Qxd1 17. Bxd1 
g3 18. N@h5 gxh2+ 19. Kh1 N@g3+ 20. Kxh2 Nxf1+ 21. Kg1 P@f2+ 22. Kxf2 Q@g3+ 
23. Ke2 R@e1# 
{pminear checkmated} 0-1

[Event "fics rated crazyhouse match"]
[Site "fics, Oklahoma City, OK USA"]
[Date "2000.12.02"]
[White "LINDEGREN"]
[WhiteElo "2377"]
[Black "pminear"]
[BlackElo "2551"]
[TimeControl "60+0"]
[Result "1-0"]

1. e4 e5 2. Nc3 Nc6 3. Nf3 Bc5 4. Bc4 Nf6 5. O-O O-O 6. d3 
d6 7. h3 Nd4 8. Be3 Be6 9. Bxd4 exd4 10. Ne2 Bxc4 11. dxc4 Nxe4 
12. B@f5 Nxf2 13. Rxf2 B@e3 14. N@d3 Bxf2+ 15. Nxf2 P@e3 16. Ng4 B@f2+ 17. Kh1 
R@h5 18. Bxh7+ Rxh7 19. N@g5 Rh5 20. B@f4 B@f5 21. P@h7+ Bxh7 22. Nxh7 Rxh7 
23. Ng5 Rh5 24. B@f5 P@g6 25. Bxg6 fxg6 26. P@f7+ Kh8 27. Ne6 Qe7 28. Nxf8 
Rxf8 29. R@g8+ Rxg8 30. fxg8=Q+ Kxg8 31. R@c8+ B@f8 32. Qd3 N@f5 33. Qxf5 gxf5 
34. N@g6 Qf6 35. Rxf8+ Qxf8 36. Nxf8 R@f7 37. Q@e6 R@e7 38. Qxe7 Rxe7 39. R@d8 
Rf7 40. B@d5 Kh8 41. Ng6# 
{pminear forfeits on time} 1-0

[Event "fics rated crazyhouse match"]
[Site "fics, Oklahoma City, OK USA"]
[Date "2000.12.02"]
[White "pminear"]
[WhiteElo "2539"]
[Black "LINDEGREN"]
[BlackElo "2389"]
[TimeControl "60+0"]
[Result "1-0"]

1. e4 e6 2. Nc3 Nf6 3. e5 Nd5 4. Nxd5 exd5 5. d4 Nc6 6. Nf3 
Bb4+ 7. c3 Be7 8. Bd3 N@e4 9. c4 Nxf2 10. Kxf2 P@e4 11. cxd5 exf3 
12. Qxf3 Nxd4 13. Qg4 d6 14. Qxg7 Rf8 15. P@f3 N@f5 16. N@f6+ Bxf6 17. Qxf6 
Qxf6 18. exf6 N@e5 19. B@b5+ c6 20. N@g7+ Kd7 21. Nxf5 Nxf5 22. Bxf5+ Kc7 
23. Q@e7+ P@d7 24. Qxf8 cxb5 25. N@e8+ Kb6 26. Qxd6+ B@c6 27. Qc7+ Kc5 28. Be3+ 
N@d4 29. Qd6+ Kb6 30. Bxd4+ Ka6 31. Nc7+ Ka5 32. P@b4+ Ka4 33. R@a3# 
{LINDEGREN checkmated} 1-0

[Event "fics rated crazyhouse match"]
[Site "fics, Oklahoma City, OK USA"]
[Date "2000.12.02"]
[White "LINDEGREN"]
[WhiteElo "2384"]
[Black "pminear"]
[BlackElo "2544"]
[TimeControl "60+0"]
[Result "0-1"]

1. e4 e5 2. Nc3 Nc6 3. Nf3 Bc5 4. Bb5 Nf6 5. Bxc6 dxc6 6. O-O 
B@h5 7. d3 Bcg4 8. N@e1 h6 9. h3 Bxf3 10. Nxf3 Bxf3 11. Qxf3 N@h4 
12. Qg3 Nh5 13. Qg4 N@g3 14. Be3 Bxe3 15. fxe3 Nxf1 16. Rxf1 R@g5 17. Qxg5 
Qxg5 18. B@g4 Qxe3+ 19. B@f2 B@f4 20. B@d7+ Kf8 21. Bxe3 Q@h2+ 22. Kf2 Qxg2+ 
23. Ke1 P@d2+ 24. Kd1 Qxf1+ 25. Kxd2 Bxe3+ 26. Kxe3 B@f4# 
{LINDEGREN checkmated} 0-1

[Event "fics rated crazyhouse match"]
[Site "fics, Oklahoma City, OK USA"]
[Date "2000.12.02"]
[White "pminear"]
[WhiteElo "2549"]
[Black "LINDEGREN"]
[BlackElo "2379"]
[TimeControl "60+0"]
[Result "1-0"]

1. e4 e6 2. Nc3 Nf6 3. e5 Nc6 4. exf6 gxf6 5. d4 d5 6. Nf3 
Rg8 7. N@h5 P@e4 8. Nxf6+ Qxf6 9. P@e5 Qd8 10. Bb5 exf3 11. Bxc6+ bxc6 
12. N@f6+ Qxf6 13. exf6 fxg2 14. Rg1 B@f1 15. Nxd5 exd5 16. P@e7 Bxe7 17. fxe7 
Be6 18. B@g5 N@b7 19. Bcf4 P@e2 20. Qd3 P@e4 21. Qb3 N@f3+ 22. Qxf3 exf3 
23. N@f6+ Kxe7 24. Nxg8+ Kd7 25. Q@e7+ Kc8 26. Qxc7# 
{LINDEGREN checkmated} 1-0

[Event "fics rated crazyhouse match"]
[Site "fics, Oklahoma City, OK USA"]
[Date "2000.12.02"]
[White "LINDEGREN"]
[WhiteElo "2375"]
[Black "pminear"]
[BlackElo "2553"]
[TimeControl "60+0"]
[Result "0-1"]

1. e4 e5 2. Nf3 Nc6 3. Bc4 Bc5 4. O-O Nf6 5. c3 Nxe4 6. d4 
d5 7. dxc5 dxc4 8. Qxd8+ Nxd8 9. B@b5+ B@c6 10. Bxc4 P@h3 11. Bg5 Nxg5 
12. Nxg5 hxg2 
{LINDEGREN resigns} 0-1

[Event "fics rated crazyhouse match"]
[Site "fics, Oklahoma City, OK USA"]
[Date "2000.12.02"]
[White "pminear"]
[WhiteElo "2557"]
[Black "LINDEGREN"]
[BlackElo "2371"]
[TimeControl "60+0"]
[Result "1-0"]

1. e4 e6 2. Nc3 Bb4 3. a3 Bxc3 4. dxc3 Nf6 5. B@h4 Nc6 6. e5 
Nxe5 7. Nf3 Nxf3+ 8. Qxf3 d5 9. N@h5 N@e4 10. Bcg5 P@d2+ 11. Bxd2 Nxd2 
12. Nxf6+ gxf6 13. N@g7+ Kd7 14. Bb5+ c6 15. Qxf6 Qxf6 16. Bxf6 N@f3+ 17. Kd1 
B@d6 18. gxf3 Nxf3 19. P@d2 P@g2 20. Re1 Nxe1 21. P@e7 Bxe7 22. Bxe7 N@e4 
23. Bh4 f6 24. Q@f7+ R@e7 25. N@e5# 
{LINDEGREN forfeits on time} 1-0

[Event "fics rated crazyhouse match"]
[Site "fics, Oklahoma City, OK USA"]
[Date "2000.12.02"]
[White "LINDEGREN"]
[WhiteElo "2367"]
[Black "pminear"]
[BlackElo "2561"]
[TimeControl "60+0"]
[Result "0-1"]

1. e4 e5 2. Nf3 Nc6 3. Bc4 Bc5 4. O-O Nf6 5. Nc3 d6 6. d3 
O-O 7. Be3 Bg4 8. h3 Bh5 9. Bxc5 dxc5 10. B@h4 Bxf3 11. Qxf3 Nd4 
12. Qd1 B@f4 13. B@g3 Bxg3 14. Bxg3 B@f4 15. B@h4 N@h5 16. Nd5 Nxd5 17. Bxd8 
N@e2+ 18. Kh1 Nhxg3+ 19. fxg3 Nxg3+ 20. Kg1 B@e3+ 21. N@f2 Nde2+ 22. Kh2 Nxf1+ 
23. Kh1 R@g1# 
{LINDEGREN checkmated} 0-1

[Event "fics rated crazyhouse match"]
[Site "fics, Oklahoma City, OK USA"]
[Date "2000.12.02"]
[White "pminear"]
[WhiteElo "2565"]
[Black "LINDEGREN"]
[BlackElo "2363"]
[TimeControl "60+0"]
[Result "1-0"]

1. e4 e6 2. Nc3 Nf6 3. e5 Nd5 4. Nxd5 exd5 5. d4 d6 6. Nf3 
Be7 7. Bb5+ c6 8. Bd3 N@e4 9. exd6 Bxd6 10. P@e5 Be7 11. N@h5 Rg8 
12. Qe2 P@g4 13. Bxe4 dxe4 14. Qxe4 gxf3 15. Qxh7 Rf8 16. Nxg7+ Kd7 17. P@d6 
B@b4+ 18. P@c3 fxg2 19. Rg1 N@f3+ 20. Kd1 P@e2+ 21. Kxe2 Nxg1+ 22. Kd2 Nf3+ 
23. Ke3 g1=Q 24. cxb4 Bg5+ 25. Kd3 Qd1+ 26. P@d2 Ne1+ 27. Kc3 Qxc2+ 28. Qxc2 
b6 29. Qf5+ P@e6 30. N@f6+ Bxf6 31. d3 N@d5+ 32. Kd2 Nf3+ 33. Qxf3 Nxb4 
34. Ke1 P@e2 35. Kxe2 R@d1 36. Kxd1 Nxd3 37. Ke2 c5 38. Kf1 
{LINDEGREN forfeits on time} 1-0

[Event "fics rated crazyhouse match"]
[Site "fics, Oklahoma City, OK USA"]
[Date "2000.12.02"]
[White "LINDEGREN"]
[WhiteElo "2359"]
[Black "pminear"]
[BlackElo "2569"]
[TimeControl "60+0"]
[Result "0-1"]

1. e4 e5 2. Nf3 Nc6 3. d4 Bc5 4. dxc5 d6 5. cxd6 cxd6 6. Bc4 
Nf6 7. O-O P@e6 8. Bb5 Nxe4 9. Nc3 Nxc3 10. bxc3 P@g4 11. Ng5 N@f4 
12. Bxc6+ bxc6 13. Qxg4 Qxg5 14. N@c7+ Kd7 15. Qxg5 N@h3+ 16. Kh1 Nxg5 17. Bxf4 
exf4 18. N@c5+ dxc5 19. P@d6 B@d8 20. Nxa8 B@d5 21. R@c7+ Kxd6 22. B@e5+ Kxe5 
23. N@g4+ Kf5 24. Q@e5+ Kg6 25. P@h5+ Kxh5 26. f3 B@f5 27. Qxf4 N@e2 28. Qe3 
P@f4 29. Nf6+ Bxf6 30. P@g4+ Kh6 31. Qf2 Q@h4 32. g3 P@g2+ 33. Kxg2 Nxg3 
{LINDEGREN forfeits on time} 0-1

[Event "fics rated crazyhouse match"]
[Site "fics, Oklahoma City, OK USA"]
[Date "2000.12.02"]
[White "pminear"]
[WhiteElo "2573"]
[Black "LINDEGREN"]
[BlackElo "2355"]
[TimeControl "60+0"]
[Result "1-0"]

1. e4 e6 2. Nc3 Nf6 3. e5 d5 4. exf6 gxf6 5. d4 Nc6 6. Nf3 
Rg8 7. N@h5 P@e4 8. Nh4 Bd7 9. Bb5 Be7 10. Bxc6 Bxc6 11. N@h6 Rxg2 
12. Nxg2 B@f3 13. R@g8+ Kd7 14. Rxd8+ Rxd8 15. Qxf3 exf3 16. Ngf4 P@g2 17. Rg1 
R@f1+ 18. Rxf1 gxf1=Q+ 19. Kxf1 R@h1+ 20. B@g1 Rxg1+ 21. Kxg1 B@g2 22. Nxg2 fxg2 
23. Kxg2 N@h4+ 24. Kh3 Q@f3+ 25. Kxh4 f5+ 26. N@f6+ Bxf6+ 27. Nxf6+ Ke7 28. B@c5+ 
N@d6 29. Nhg8+ Kf8 30. Bh6# 
{LINDEGREN checkmated} 1-0

[Event "fics rated crazyhouse match"]
[Site "fics, Oklahoma City, OK USA"]
[Date "2000.12.02"]
[White "LINDEGREN"]
[WhiteElo "2351"]
[Black "pminear"]
[BlackElo "2577"]
[TimeControl "60+0"]
[Result "0-1"]

1. e4 e5 2. Nc3 Nc6 3. Nf3 Bc5 4. Bb5 Nf6 5. O-O d6 6. Bxc6+ 
bxc6 7. N@f5 Bxf5 8. exf5 B@g4 9. d4 exd4 10. Nxd4 Bxd1 11. Nxd1 Bxd4 
12. Re1+ N@e5 13. P@e6 P@h3 14. exf7+ Kxf7 15. B@e6+ Kf8 16. B@h1 hxg2 17. Bxg2 
P@f3 18. P@h6 Qe7 19. hxg7+ Qxg7 20. P@g5 fxg2 21. Kxg2 
{LINDEGREN resigns} 0-1

[Event "fics rated crazyhouse match"]
[Site "fics, Oklahoma City, OK USA"]
[Date "2000.12.02"]
[White "pminear"]
[WhiteElo "2580"]
[Black "LINDEGREN"]
[BlackElo "2348"]
[TimeControl "60+0"]
[Result "1-0"]

1. e4 e6 2. Nc3 Nf6 3. e5 Nd5 4. Nxd5 exd5 5. d4 Bb4+ 6. c3 
Be7 7. Bd3 N@e4 8. Qg4 Rg8 9. N@f5 d6 10. Nxg7+ Rxg7 11. Qxg7 N@e6 
12. R@g8+ Kd7 13. Qxf7 Nc6 14. Bxe4 Nxe5 15. dxe5 dxe5 16. Bxd5 Qxg8 17. Bxe6+ 
Kd6 18. N@e4+ Kc6 19. Qxg8 
{LINDEGREN resigns} 1-0

[Event "fics rated crazyhouse match"]
[Site "fics, Oklahoma City, OK USA"]
[Date "2000.12.02"]
[White "LINDEGREN"]
[WhiteElo "2345"]
[Black "pminear"]
[BlackElo "2583"]
[TimeControl "60+0"]
[Result "0-1"]

1. e4 e5 2. Nf3 Nc6 3. Bc4 Bc5 4. O-O Nf6 5. c3 Nxe4 6. d4 
d5 7. Nxe5 Nxe5 8. dxc5 P@h3 9. Bxd5 hxg2 10. Bxf7+ Nxf7 11. Qf3 gxf1=Q+ 
12. Kxf1 P@g2+ 13. Kxg2 
{LINDEGREN resigns} 0-1

[Event "fics rated crazyhouse match"]
[Site "fics, Oklahoma City, OK USA"]
[Date "2000.12.02"]
[White "pminear"]
[WhiteElo "2586"]
[Black "LINDEGREN"]
[BlackElo "2342"]
[TimeControl "60+0"]
[Result "1-0"]

1. e4 e6 2. Nc3 b6 3. d4 Bb7 4. Bd3 Nf6 5. Bg5 Be7 6. Nf3 
d5 7. e5 Ne4 8. Bxe7 Qxe7 9. B@h4 f6 10. Bxe4 dxe4 11. exf6 gxf6 
12. Bxf6 Qxf6 13. P@e5 Qf7 14. N@f6+ Kd8 15. Ncxe4 Bxe4 16. Nxe4 B@e7 17. P@f6 
Bb4+ 18. P@c3 N@f4 19. B@f1 P@e2 20. Qxe2 Nxe2 21. Bxe2 B@b7 22. N@g5 Qd7 
23. cxb4 Bxe4 24. Nxe4 N@f4 25. B@f1 B@f5 26. P@b7 Q@c6 27. B@e7+ Ke8 28. bxa8=Q 
Qxa8 29. R@d8+ Qxd8 30. Bxd8 
{LINDEGREN resigns} 1-0

[Event "fics rated crazyhouse match"]
[Site "fics, Oklahoma City, OK USA"]
[Date "2000.12.02"]
[White "LINDEGREN"]
[WhiteElo "2339"]
[Black "pminear"]
[BlackElo "2589"]
[TimeControl "60+0"]
[Result "0-1"]

1. e4 e5 2. c3 Nf6 3. Qe2 Nc6 4. Nf3 Bc5 5. d3 d6 6. Be3 
Bg4 7. Nbd2 Bxe3 8. fxe3 Bxf3 9. gxf3 N@c2+ 10. Kf2 Nxa1 11. Bh3 B@h6 
12. Rxa1 Bxe3+ 13. Qxe3 P@f4 14. Qe2 R@e3 15. Qf1 d5 16. B@e6 fxe6 17. Bxe6 
dxe4 18. P@f7+ Kf8 19. B@c5+ P@d6 20. Bxe3 fxe3+ 21. Kg2 B@g6 22. Nxe4 B@f5 
23. Nxf6 Bxe6 24. R@g8+ Rxg8 25. fxg8=Q+ Bxg8 26. Nxg8 Kxg8 27. B@d5+ B@f7 28. Bxf7+ 
Bxf7 29. R@g3 N@g5 30. Kh1 P@h3 31. N@h6+ gxh6 32. Rxh3 Kf8 
{LINDEGREN forfeits on time} 0-1

[Event "fics rated crazyhouse match"]
[Site "fics, Oklahoma City, OK USA"]
[Date "2000.12.02"]
[White "pminear"]
[WhiteElo "2592"]
[Black "LINDEGREN"]
[BlackElo "2336"]
[TimeControl "60+0"]
[Result "1-0"]

1. e4 e6 2. Nc3 Nf6 3. e5 Nd5 4. Nxd5 exd5 5. d4 Nc6 6. Nf3 
Be7 7. Bb5 d6 8. Qe2 N@e6 9. Bxc6+ bxc6 10. N@f5 B@e4 11. Nxg7+ Nxg7 
12. P@f6 Bxf6 13. exf6 Qxf6 14. B@g5 Qe6 15. N@f6+ Kf8 16. Nxe4 dxe4 17. B@f6 
N@f5 18. Bxg7+ Nxg7 19. Bh6 N@f5 20. Bxg7+ Nxg7 21. Ng5 Qe7 22. Nxe4 B@a6 
23. P@f6 Bxe2 24. fxe7+ Kxe7 25. Bg5# 
{LINDEGREN resigns} 1-0

[Event "fics rated crazyhouse match"]
[Site "fics, Oklahoma City, OK USA"]
[Date "2000.12.02"]
[White "LINDEGREN"]
[WhiteElo "2333"]
[Black "pminear"]
[BlackElo "2595"]
[TimeControl "60+0"]
[Result "0-1"]

1. e4 e5 2. Nc3 Nc6 3. Nf3 Bc5 4. Bc4 Nf6 5. O-O O-O 6. d3 
d6 7. Be3 Bg4 8. h3 Bh5 9. Bxc5 dxc5 10. B@f5 B@f4 11. Kh1 Bxf3 
12. Qxf3 N@h4 13. Qd1 Nd4 14. B@g3 Bxg3 15. fxg3 Nxg2 16. Kxg2 P@f3+ 17. Rxf3 
Nxf3 18. Qxf3 B@h5 19. P@g4 Bg6 20. B@h4 Bxf5 21. Bxf6 Qxf6 22. Nd5 Qh6 
23. gxf5 R@d2+ 24. B@f2 B@g5 25. N@g4 Qd6 26. h4 Bd8 27. f6 Bxf6 28. Ngxf6+ 
Kh8 29. B@e3 Rxc2 30. h5 gxf6 31. h6 Rg8 32. Nxf6 P@g7 33. hxg7+ Rxg7 
34. P@h6 B@f8 35. hxg7+ Bxg7 36. P@h6 P@h3+ 37. Kh1 Bxh6 38. R@g8+ Rxg8 39. Nxh7 
P@g2+ 40. Kh2 N@g4+ 41. Kxh3 R@h1+ 42. Rxh1 gxh1=Q+ 43. N@h2 Qxh2# 
{LINDEGREN checkmated} 0-1

[Event "fics rated crazyhouse match"]
[Site "fics, Oklahoma City, OK USA"]
[Date "2000.12.02"]
[White "pminear"]
[WhiteElo "2598"]
[Black "LINDEGREN"]
[BlackElo "2330"]
[TimeControl "60+0"]
[Result "1-0"]

1. e4 Nf6 2. Nc3 d5 3. exd5 Nxd5 4. Nxd5 Qxd5 5. d4 e6 6. Nf3 
Bb4+ 7. c3 Be7 8. Be2 Nc6 9. O-O P@g4 10. Ne1 h5 11. N@f4 Qd8 
12. Nxh5 Rxh5 13. Bxg4 Rh8 14. P@h6 gxh6 15. P@g7 Kd7 16. gxh8=Q Qxh8 17. d5 
P@d6 18. dxc6+ bxc6 19. N@c5+ Kd8 20. P@b7 Bxb7 21. Nxb7+ Kc8 22. B@a6 Kd7 
23. Nc5+ Ke8 24. Nxe6 fxe6 25. Bxe6 N@e5 26. P@f7+ Nxf7 27. P@d7+ Kf8 28. R@c8# 
{LINDEGREN resigns} 1-0

[Event "fics rated crazyhouse match"]
[Site "fics, Oklahoma City, OK USA"]
[Date "2000.12.02"]
[White "LINDEGREN"]
[WhiteElo "2327"]
[Black "pminear"]
[BlackElo "2601"]
[TimeControl "60+0"]
[Result "0-1"]

1. e4 e5 2. f3 Nf6 3. c3 d5 4. exd5 Nxd5 5. P@e4 Nf4 6. d3 
Bc5 7. Bxf4 P@f2+ 8. Kd2 fxg1=Q 9. Rxg1 exf4 10. Kc2 N@e3# 
{LINDEGREN resigns} 0-1

[Event "fics rated crazyhouse match"]
[Site "fics, Oklahoma City, OK USA"]
[Date "2000.12.02"]
[White "pminear"]
[WhiteElo "2604"]
[Black "LINDEGREN"]
[BlackElo "2324"]
[TimeControl "60+0"]
[Result "1-0"]

1. e4 Nf6 2. Nc3 Nc6 3. d4 d5 4. exd5 Nxd5 5. Nf3 e6 6. Nxd5 
exd5 7. Bb5 Bb4+ 8. c3 Qe7+ 9. P@e5 P@g4 10. Ng5 f6 11. N@f7 Rf8 
12. Bxc6+ bxc6 13. Nxh7 Rxf7 14. P@g6 Rf8 15. Nxf8 B@e6 16. Nxe6 Bxe6 17. B@f7+ 
Bxf7 18. gxf7+ Qxf7 19. N@h8 Qe7 20. R@f7 B@e6 21. Rxe7+ Bxe7 22. exf6 Bxf6 
23. B@f7+ Bxf7 24. Nxf7 R@e7+ 25. Ne5 B@g6 26. P@d7+ Kf8 27. Q@h8+ N@g8 28. Be3 
Bxe5 29. dxe5 N@f7 30. Qh4 Nxe5 31. B@g5 N@f3+ 32. gxf3 Nxf3+ 33. Qxf3+ gxf3 
34. Bxe7+ Nxe7 35. R@h8+ B@g8 36. N@e6+ Kf7 37. N@d8+ Rxd8 38. Nxd8+ Kf8 39. Ne6+ 
Kf7 40. d8=N+ Ke8 41. R@f8+ Kd7 42. Nc5+ Kc8 43. B@b7+ Kb8 44. Nxc6# 
{LINDEGREN checkmated} 1-0

[Event "fics rated crazyhouse match"]
[Site "fics, Oklahoma City, OK USA"]
[Date "2000.12.03"]
[White "spurs"]
[WhiteElo "2208"]
[Black "tantheman"]
[BlackElo "2303"]
[TimeControl "60+0"]
[Result "1-0"]

1. d4 e6 2. Nf3 b6 3. Nc3 Bb7 4. Bg5 Be7 5. Bxe7 Qxe7 6. e3 
Nf6 7. B@g5 O-O 8. Bxf6 Qxf6 9. Bd3 B@g6 10. N@e4 Qe7 11. h4 B@b4 
12. Ng3 Bxd3 13. cxd3 B@g4 14. B@e2 Bgxf3 15. Bxf3 Bxf3 16. Qxf3 B@c6 17. B@e4 
Bxe4 18. Nxe4 N@c2+ 19. Ke2 Nxa1 20. Rxa1 B@g6 21. B@f6 gxf6 22. Nxf6+ Qxf6 
23. Qxf6 N@h5 24. N@h6# 
{tantheman checkmated} 1-0

[Event "fics rated crazyhouse match"]
[Site "fics, Oklahoma City, OK USA"]
[Date "2000.12.03"]
[White "spurs"]
[WhiteElo "2212"]
[Black "VampireGod"]
[BlackElo "2300"]
[TimeControl "120+0"]
[Result "0-1"]

1. d4 e6 2. Nf3 Nc6 3. Bg5 Be7 4. Bxe7 Qxe7 5. e4 d6 6. Nc3 
Nf6 7. Bb5 O-O 8. Bxc6 bxc6 9. e5 Ng4 10. B@g5 f6 11. h4 fxg5 
12. hxg5 Rxf3 13. Qxf3 B@f5 14. Qxf5 exf5 15. R@h8+ Kf7 16. B@g8+ Ke8 17. Be6+ 
B@f8 18. P@f7+ Kd8 19. Bxc8 Kxc8 20. N@d5 cxd5 21. Nxd5 Qxf7 22. B@a6+ B@b7 
23. P@e7 P@d2+ 24. Kd1 Nxf2+ 25. Kxd2 N@e4+ 26. Ke1 P@d2+ 27. Kf1 Bxa6+ 28. P@d3 
Q@e1+ 29. Rxe1 dxe1=Q+ 30. Kxe1 B@d2+ 31. Ke2 N@f4+ 32. Nxf4 R@e3+ 33. Kf1 Re1# 
{spurs checkmated} 0-1

[Event "fics rated crazyhouse match"]
[Site "fics, Oklahoma City, OK USA"]
[Date "2000.12.03"]
[White "VampireGod"]
[WhiteElo "2306"]
[Black "spurs"]
[BlackElo "2206"]
[TimeControl "120+0"]
[Result "1-0"]

1. e4 e6 2. Nc3 d5 3. exd5 exd5 4. d4 Bb4 5. Nf3 Qe7+ 6. P@e5 
Bg4 7. Be2 Bxc3+ 8. bxc3 N@e4 9. B@d2 Nd7 10. Rb1 Rb8 11. O-O h5 
12. Ng5 P@h3 13. gxh3 Bxh3 14. Nxh3 P@g4 15. Nf4 Nxe5 16. dxe5 Qxe5 17. B@d4 
Nxc3 18. B2xc3 Qxf4 19. Bxf4 N@h3+ 20. Kh1 P@g2+ 21. Kxg2 Nxf4+ 22. Kg1 P@g2 
23. Re1 B@e4 24. Bxg4 hxg4 25. Qxg4 Nh3+ 26. Qxh3 Rxh3 27. Rxe4+ dxe4 28. P@d7+ 
Kf8 29. Bxg7+ Ke7 30. B@f6+ Kxd7 31. N@e5+ Kd6 32. N@c4+ Kc5 33. Q@d4# 
{spurs checkmated} 1-0

[Event "fics rated crazyhouse match"]
[Site "fics, Oklahoma City, OK USA"]
[Date "2000.12.03"]
[White "spurs"]
[WhiteElo "2200"]
[Black "VampireGod"]
[BlackElo "2312"]
[TimeControl "120+0"]
[Result "0-1"]

1. d4 e6 2. Nf3 Nc6 3. Nc3 Bb4 4. Bg5 Nge7 5. e3 O-O 6. Bd3 
f6 7. h4 Nd5 8. O-O Bxc3 9. Bxh7+ Kxh7 10. bxc3 Nxc3 11. Qd3+ P@e4 
12. Qxc3 N@e2+ 13. Kh1 Nxc3 14. P@g6+ Kxg6 15. B@h5+ Kh7 16. Ne5 Nxe5 17. dxe5 
fxg5 18. hxg5 P@f3 19. g6+ Kh8 20. Rg1 fxg2+ 21. Rxg2 B@f3 22. Rg1 Q@h3+ 
23. P@h2 Bxg2+ 24. Rxg2 B@f3 25. B@f1 R@e1 26. Kg1 N@e2+ 27. Kh1 Qxg2# 
{spurs checkmated} 0-1

[Event "fics rated crazyhouse match"]
[Site "fics, Oklahoma City, OK USA"]
[Date "2000.12.03"]
[White "VampireGod"]
[WhiteElo "2318"]
[Black "spurs"]
[BlackElo "2194"]
[TimeControl "120+0"]
[Result "0-1"]

1. e4 d5 2. exd5 Qxd5 3. Nc3 Qd8 4. d4 Nf6 5. Nf3 Bg4 6. Be2 
e6 7. Bg5 Bb4 8. O-O Bxc3 9. bxc3 N@e4 10. Bh4 Nxc3 11. Qd3 Nxe2+ 
12. Qxe2 P@e4 13. N@f4 exf3 14. gxf3 Bxf3 15. Qxf3 P@g4 16. Qg3 B@f3 17. P@g2 
N@f5 18. Bxf6 gxf6 19. N@g7+ Nxg7 20. gxf3 Nf5 21. Qxg4 P@g5 22. Nh3 h5 
23. Qe4 B@d5 24. Qd3 Bxf3 25. Qxf3 Nh4 26. Qg3 N@e2+ 27. Kh1 Nxg3# 
{VampireGod resigns} 0-1

[Event "fics rated crazyhouse match"]
[Site "fics, Oklahoma City, OK USA"]
[Date "2000.12.03"]
[White "fermy"]
[WhiteElo "2309"]
[Black "JiggaB"]
[BlackElo "2220"]
[TimeControl "60+0"]
[Result "1-0"]

1. e4 e6 2. d4 Nc6 3. Nc3 Nf6 4. e5 Nd5 5. Nxd5 exd5 6. Nf3 
d6 7. Bb5 dxe5 8. Nxe5 Bd7 9. Bxc6 bxc6 10. Nxf7 Kxf7 11. N@e5+ Ke8 
12. N@f7 Bb4+ 13. Bd2 Bxd2+ 14. Qxd2 N@e4 15. Nxd8 B@e6 16. Nxe6 Bxe6 17. P@f7+ 
Ke7 18. B@g5+ P@f6 19. Nxc6+ Kd7 20. Q@e7+ Kxc6 21. P@b5+ Kb7 22. B@a6+ Kb8 
23. P@b7 Nxd2 24. bxa8=Q+ Kxa8 25. Bxd2 N@f3+ 26. gxf3 N@g2+ 27. Kd1 P@e2+ 28. Kc1 
Q@d1+ 29. Rxd1 exd1=Q+ 30. Kxd1 R@f1+ 31. Ke2 N@f4+ 32. Kxf1 B@c8 33. P@b7+ Bxb7 
34. Bxb7+ Kxb7 35. B@a6+ Kb8 36. Q@b7# 
{JiggaB checkmated} 1-0

[Event "fics rated crazyhouse match"]
[Site "fics, Oklahoma City, OK USA"]
[Date "2000.12.03"]
[White "JiggaB"]
[WhiteElo "2214"]
[Black "fermy"]
[BlackElo "2315"]
[TimeControl "60+0"]
[Result "1-0"]

1. e4 e5 2. Nc3 Nc6 3. Nf3 Bc5 4. Bb5 Nf6 5. Bxc6 dxc6 6. N@d3 
B@d4 7. Nxd4 Bxd4 8. B@e3 Bxc3 9. dxc3 Nxe4 10. B@f3 P@d5 11. Nxe5 O-O 
12. Bxe4 dxe4 13. Qxd8 Rxd8 14. N@e7+ Kh8 15. Q@g8+ Rxg8 16. Nxf7# 
{fermy checkmated} 1-0

[Event "fics rated crazyhouse match"]
[Site "fics, Oklahoma City, OK USA"]
[Date "2000.12.03"]
[White "fermy"]
[WhiteElo "2305"]
[Black "JiggaB"]
[BlackElo "2224"]
[TimeControl "60+0"]
[Result "0-1"]

1. e4 e6 2. d4 Nc6 3. Nc3 Nf6 4. e5 Nd5 5. Nxd5 exd5 6. Nf3 
d6 7. Bb5 Bd7 8. Qe2 dxe5 9. Bxc6 bxc6 10. Nxe5 B@e6 11. P@f5 Bb4+ 
12. c3 N@c2+ 13. Qxc2 Bxf5 14. Qe2 Qe7 15. cxb4 P@d3 16. Qd2 f6 17. B@f7+ 
Qxf7 18. Nxf7 Kxf7 19. O-O N@e2+ 20. Kh1 P@h3 21. gxh3 Bxh3 22. Q@h5+ P@g6 
23. P@g2 Bxg2+ 24. Kxg2 B@h3+ 25. Qxh3 Bxh3+ 26. Kxh3 P@g4+ 27. Kxg4 Q@f5+ 28. Kh4 
g5+ 29. Kh5 g6+ 30. Kh6 Qh3# 
{fermy forfeits on time} 0-1

[Event "fics rated crazyhouse match"]
[Site "fics, Oklahoma City, OK USA"]
[Date "2000.12.03"]
[White "AngelicK"]
[WhiteElo "2319"]
[Black "RFrancisco"]
[BlackElo "2402"]
[TimeControl "60+0"]
[Result "1-0"]

1. d4 e6 2. Nf3 b6 3. e4 Bb7 4. Bd3 Nf6 5. Nbd2 d6 6. O-O 
Be7 7. c3 Nbd7 8. Qc2 O-O 9. e5 dxe5 10. dxe5 Nxe5 11. Nxe5 P@d6 
12. Nef3 P@g4 13. Ng5 h6 14. Nh7 Nxh7 15. Bxh7+ Kh8 16. Be4 Bxe4 17. Nxe4 
B@f5 18. B@d3 d5 19. Ng3 Bxd3 20. Qxd3 c5 21. N@e5 B@h7 22. Qxh7+ Kxh7 
23. B@h5 N@f4 24. Bxf4 Bf6 25. P@g6+ Kh8 26. Nxf7+ Rxf7 27. gxf7 N@e7 28. N@g6+ 
Nxg6 29. Bxg6 
{RFrancisco resigns} 1-0

[Event "fics rated crazyhouse match"]
[Site "fics, Oklahoma City, OK USA"]
[Date "2000.12.03"]
[White "RFrancisco"]
[WhiteElo "2392"]
[Black "AngelicK"]
[BlackElo "2329"]
[TimeControl "60+0"]
[Result "1-0"]

1. e4 e6 2. Nc3 Nc6 3. d4 Nf6 4. Nf3 Bb4 5. e5 Ne4 6. Bd3 
Nxf2 7. Kxf2 Nxd4 8. Rf1 Bxc3 9. bxc3 N@g4+ 10. Kg1 Nf5 11. Bxf5 exf5 
12. N@h5 Rg8 13. B@h3 B@b6+ 14. N@d4 Bxd4+ 15. cxd4 P@g6 16. Bxg4 fxg4 17. Nxg7+ 
Rxg7 18. N@f6+ Kf8 19. B@h6 B@h8 20. Bxg7+ Bxg7 21. R@g8+ Ke7 22. Rxd8 Kxd8 
23. Q@e8# 
{AngelicK checkmated} 1-0

[Event "fics rated crazyhouse match"]
[Site "fics, Oklahoma City, OK USA"]
[Date "2000.12.03"]
[White "AngelicK"]
[WhiteElo "2322"]
[Black "RFrancisco"]
[BlackElo "2399"]
[TimeControl "60+0"]
[Result "0-1"]

1. d4 e6 2. Nf3 Nf6 3. Bf4 b6 4. e3 Bb7 5. Be2 Be7 6. O-O 
O-O 7. Nbd2 d6 8. c4 Nbd7 9. Qc2 Rc8 10. b4 c5 11. bxc5 bxc5 
12. P@e5 dxe5 13. d5 exf4 
{AngelicK resigns} 0-1

[Event "fics rated crazyhouse match"]
[Site "fics, Oklahoma City, OK USA"]
[Date "2000.12.03"]
[White "RFrancisco"]
[WhiteElo "2405"]
[Black "AngelicK"]
[BlackElo "2316"]
[TimeControl "60+0"]
[Result "1-0"]

1. e4 e6 2. Nc3 Nc6 3. d4 Nf6 4. Nf3 Bb4 5. e5 Ne4 6. Bd3 
Nxf2 7. Kxf2 Nxd4 8. Rf1 Bxc3 9. bxc3 P@e3+ 10. Kg1 Nxf3+ 11. Qxf3 P@f2+ 
12. Kh1 N@e1 13. Qg3 Rg8 14. Bxe3 Nxd3 15. cxd3 B@h4 16. N@f6+ Bxf6 17. exf6 
N@f5 18. Qxf2 N@g4 19. Qf3 gxf6 20. B@h5 Ngxe3 21. Bxf7+ Kxf7 22. N@h6+ Kg7 
23. Nxf5+ Nxf5 24. P@h6+ Nxh6 25. N@h5+ Kh8 26. Qxf6+ Qxf6 27. Rxf6 P@h3 28. P@g7+ 
Rxg7 29. Q@f8+ Q@g8 30. Qxg8+ Rxg8 31. P@g7+ Rxg7 32. Rf8+ B@g8 33. Q@f2 B@f3 
34. Qxf3 hxg2+ 35. Qxg2 Rxg2 36. B@d4+ P@g7 37. Rxg8+ Kxg8 38. N@e7# 
{AngelicK forfeits on time} 1-0